 Dungeon Crawl Stone Soup version 0.21-a0-591-g2314aa1 (webtiles) character file.

79 Amnesiac the Chucker (level 4, -2/45 HPs)
             Began as an Ogre Arcane Marksman on Dec 22, 2017.
             Slain by Terence
             ... wielding a +0 flail
              (10 damage)
             ... on level 3 of the Dungeon.
             The game lasted 00:02:47 (2248 turns).

Amnesiac the Chucker (Ogre Arcane Marksman)         Turns: 2248, Time: 00:02:47

Health: -2/45      AC:  3    Str: 14    XL:     4   Next: 38%
Magic:  0/6        EV: 10    Int: 14    God:
Gold:   119        SH:  0    Dex: 10    Spells: 2/5 levels left

rFire    . . .     SeeInvis +   a - +0 hunting sling
rCold    . . .     Gourm    .   (no shield)
rNeg     . . .     Faith    .   s - +0 robe
rPois    .         Spirit   .   (helmet restricted)
rElec    .         Reflect  .   (no cloak)
rCorr    .         Harm     .   (gloves unavailable)
MR       .....                  (boots unavailable)
Stlth    +.........             (no amulet)
HPRegen  0.15/turn              h - ring of see invisible
MPRegen  0.10/turn              (no ring)

@: no status effects
A: large, unfitting armour, tough skin 1
a: no special abilities


You were on level 3 of the Dungeon.
You were not hungry.

You visited 1 branch of the dungeon, and saw 3 of its levels.

You collected 119 gold pieces.

Inventory:

Hand Weapons
 a - a +0 hunting sling (weapon)
 b - a +0 blowgun
Missiles
 j - 39 stones
 n - 2 large rocks (quivered)
 o - 8 needles of sleeping
Armour
 s - a +0 robe (worn)
Magical Staves
 y - an uncursed staff of wizardry
Jewellery
 h - a ring of see invisible (left hand)
Scrolls
 c - a scroll of remove curse {!r, unknown}
 e - 2 scrolls of enchant weapon {!r, unknown}
 i - a scroll of fear {!r, unknown}
 p - a scroll of identify {!r, unknown}
 q - a scroll of amnesia {!r, unknown}
 u - a scroll of magic mapping {!r, unknown}
 v - a scroll of enchant armour {!r, unknown}
Potions
 d - a potion of lignification {!q, unknown}
 g - a potion of agility {!q, unknown}
 k - 3 potions of haste {!q, unknown}
 m - a potion of curing {!q, unknown}
 t - a potion of brilliance {!q, unknown}
 w - 2 potions of berserk rage {!q, unknown}
Books
 l - a book of Debilitation

   Spells                             Type                      Level
   a - Corona                         Hexes                        1
   b - Slow                           Hexes                        2
   c - Inner Flame                    Hexes/Fire                   3
   d - Portal Projectile              Hexes/Translocation          3
   e - Cause Fear                     Hexes                        4
   f - Leda's Liquefaction            Hexes/Earth                  4
Comestibles
 f - 2 rations
 x - a chunk of flesh


   Skills:
 + Level 3.1 Fighting
 * Level 3.7 Throwing
 - Level 1.7 Dodging
 + Level 1.4 Spellcasting
 + Level 2.7 Hexes


You had 2 spell levels left.
You knew the following spells:

 Your Spells              Type           Power        Failure   Level  Hunger
a - Corona                Hex            #......      9%          1    ##.....
e - Slow                  Hex            #.......     12%         2    ###....


Dungeon Overview and Level Annotations

Branches:
Dungeon (3/15)

Altars:
Nemelex Xobeh

Annotations:
D:3 Terence; mopl's ghost, amateur BaSu


Innate Abilities, Weirdness & Mutations

You are too large for most types of armour.
You have tough skin. (AC +1)


Message History

* * * LOW HITPOINT WARNING * * *
Firing (i - inventory. (,) - cycle):
j - 41 stones (quivered)
Press: ? - help, Shift-Dir - straight line, f/p - Terence
Aim: Terence, wielding a flail and wearing a glowing scale mail (lightly wounded)
You shoot a stone.
The stone hits Terence but does no damage.
Terence is lightly wounded.
Terence closely misses you.
Firing (i - inventory. (,) - cycle):
j - 40 stones (quivered)
Press: ? - help, Shift-Dir - straight line, f/p - Terence
Aim: Terence, wielding a flail and wearing a glowing scale mail (lightly wounded)
You shoot a stone.
The stone hits Terence but does no damage.
Terence is lightly wounded.
Terence asks, "Do you want it fast or slow?"
Terence hits you with a flail.
* * * LOW HITPOINT WARNING * * *
Cast which spell? (? or * to list)
Aiming: Corona
Press: ? - help, Shift-Dir - straight line, f/p - Terence
Aim: Terence, wielding a flail and wearing a glowing scale mail (lightly wounded, chance to defeat MR: 51%) Terence is outlined in light.
Terence barely misses you.
Casting: Corona
Confirm with . or Enter, or press ? or * to list all spells.
Aiming: Slow
Press: ? - help, Shift-Dir - straight line, f/p - Terence
Aim: Terence, wielding a flail and wearing a glowing scale mail (lightly wounded, softly glowing, chance to defeat MR: 51%) Terence resists with significant effort.
Terence hits you with a flail.
* * * LOW HITPOINT WARNING * * *
Casting: Slow
Confirm with . or Enter, or press ? or * to list all spells.
Aiming: Slow
Press: ? - help, Shift-Dir - straight line, f/p - Terence
Aim: Terence, wielding a flail and wearing a glowing scale mail (lightly wounded, softly glowing, chance to defeat MR: 51%) Terence resists with significant effort.
Terence hits you with a flail.
* * * LOW HITPOINT WARNING * * *
Terence stops glowing.
Terence screams, "I'm going to kill you!"
Casting: Slow
Confirm with . or Enter, or press ? or * to list all spells.
Aiming: Slow
Press: ? - help, Shift-Dir - straight line, f/p - Terence
Aim: Terence, wielding a flail and wearing a glowing scale mail (lightly wounded, chance to defeat MR: 51%) Terence resists with significant effort.
Terence closely misses you.
Quiver which item? (- for none, * to show all) (? for menu, Esc to quit)
Quivering
n - 4 large rocks for throwing.
Throwing (i - inventory. (,) - cycle):
n - 4 large rocks (quivered)
Press: ? - help, Shift-Dir - straight line, f/p - Terence
Aim: Terence, wielding a flail and wearing a glowing scale mail (lightly wounded)
You throw a large rock.
The large rock hits Terence but does no damage.
Terence is lightly wounded.
Terence hits you with a flail.
* * * LOW HITPOINT WARNING * * *
You are too injured to fight recklessly!
Throwing (i - inventory. (,) - cycle):
n - 3 large rocks (quivered)
Press: ? - help, Shift-Dir - straight line, f/p - Terence
Aim: Terence, wielding a flail and wearing a glowing scale mail (lightly wounded)
You throw a large rock. The large rock barely misses Terence.
The large rock closely misses the orc.
Terence hits you with a flail!
You die...

#.# #.#
#.####.....
#.# #.#
#..)o).....
#.# #.#
#.###......
#.# #.#
#.####.##
..... #.# #.#
#.......#
.o.. #.#
#.########o.#
..( #.# #)..#
#..# .(
###.######..#
. #...@@o..(#
#########.#
#.# #.# #.#
#.# #.# #.#
#.#


You could see Terence and an orc.

Vanquished Creatures
  2 adders
  An ooze (D:1)
  2 worms
  A leopard gecko (D:1)
  6 orcs
  3 bats
  A giant cockroach (D:2)
  7 goblins
  2 hobgoblins
  4 jackals (D:2)
  A quokka (D:2)
  2 frilled lizards
  4 kobolds
  8 rats
44 creatures vanquished.

Notes
Turn   | Place    | Note
-------+----------+-------------------------------------------
     0 | D:1      | Amnesiac the Ogre Arcane Marksman began the quest for the Orb.
     0 | D:1      | Reached XP level 1. HP: 19/19 MP: 2/2
   109 | D:1      | Reached XP level 2. HP: 28/28 MP: 3/3
   816 | D:1      | You fall through a shaft!
   818 | D:2      | Reached XP level 3. HP: 36/36 MP: 4/4
  1362 | D:2      | Reached XP level 4. HP: 9/45 MP: 5/5
  1695 | D:2      | Found a sparkling altar of Nemelex Xobeh.
  1921 | D:3      | Learned a level 2 spell: Slow
  1989 | D:3      | Noticed mopl's ghost (amateur BaSu)
  2215 | D:3      | Noticed Terence
  2248 | D:3      | Slain by Terence

Vault maps used:
D:1:      dpeg_arrival_chambers_temple_mockup
D:2:      nemelex_altar_shiori
D:3:      brannock_xom_greatest_gift, uniq_terence

Skill      XL: |  1  2  3 |
---------------+----------+-----
Fighting       | 2 3 |  3.1
Throwing       | 3 |  3.7
Dodging        | |  1.7
Spellcasting   | |  1.4
Hexes          | |  2.7

Action                   |  1- 3 |  4- 6 || total
-------------------------+-------+-------++-------
Melee: Unarmed           |    33 |       ||    33
 Fire: Hunting sling     |    72 |    34 ||   106
Throw: Large rock        |    14 |     2 ||    16
       Stone             |    17 |       ||    17
       Throwing net      |     2 |       ||     2
 Cast: Slow              |       |     3 ||     3
       Corona            |       |     1 ||     1
  Eat: Chunk             |     1 |     3 ||     4
Armor: Robe              |    20 |    10 ||    30
Dodge: Dodged            |    43 |    16 ||    59

Table legend:
 A = Spawn XP
 B = Non-spawn XP
 C = Spawn XP percentage of total XP
 D = Spawn monster count
 E = Non-spawn monster count
 F = Spawn count percentage of total count
 G = Total turns spent on level
                    A         B        C        D         E        F      G
               +---------+---------+-------+---------+---------+-------+---------
         Total |       0 |     114 |   0.0 |       0 |      44 |   0.0 |  2248
               +---------+---------+-------+---------+---------+-------+---------
           D:1 |       0 |      33 |   0.0 |       0 |      17 |   0.0 |   816
           D:2 |       0 |      53 |   0.0 |       0 |      20 |   0.0 |  1168
           D:3 |       0 |      28 |   0.0 |       0 |       7 |   0.0 |   264
               +---------+---------+-------+---------+---------+-------+---------
